Map: Forgotten Sanctuary

Players

Prismatix

  • Race: Protoss Protoss
  • Spawn Location: 9:00

Maverick

  • Race: Protoss Protoss
  • League: Silver
  • Spawn Location: 12:00

XxHaDeSxX

  • Race: Protoss Protoss
  • Spawn Location: 12:00

JoJoDaMonsta

  • Race: Protoss Protoss
  • Spawn Location: 9:00

MichaelnTina

  • Race: Zerg Zerg
  • Spawn Location: 6:00

Infamous

  • Race: Protoss Protoss
  • League: Gold
  • Spawn Location: 3:00

FuriuzSCII

  • Race: Protoss Protoss
  • Spawn Location: 3:00

UnabatedWolf

  • Race: Terran Terran
  • League: Silver
  • Spawn Location: 6:00

VOD

Have the link to the VOD?

Description

Time

  • Played on: April 20, 2018, 1:09 p.m.
  • Length: 15:37
Show
View Real Time Build Order
Export as new Build Order

Prismatix Protoss 

Build Orders: Nexus First 

Get SALT Encoding   

  12  0:02  Probe  
  13  0:14  Probe  
  14  0:37  Probe  
  15  0:52  Nexus  
  15  1:02  Pylon  
  15  1:16  Assimilator  
  15  1:20  Probe, Assimilator  
  15  1:23  Gateway  
  16  1:32  Probe  
  17  1:43  Probe  
  18  1:51  Probe  
  18  1:59  Probe  
  19  2:02  Probe  
  21  2:10  Probe  
  21  2:11  Probe  
  21  2:15  Cybernetics Core  
  23  2:20  Probe  
  24  2:23  Probe  
  24  2:29  Assimilator  
  25  2:30  Probe  
  25  2:32  Probe  
  25  2:34  Assimilator  
  27  2:38  Probe  
  27  2:40  Probe  
  29  2:46  Probe  
  29  2:49  Probe  
  31  3:01  Stargate x2  
  31  3:04  Pylon  
  31  3:06  Probe  
  31  3:08  Probe  
  33  3:18  Probe  
  34  3:20  Probe  
  35  3:28  Pylon  
  35  3:29  Probe x2  
  37  3:35  Stargate  
  37  3:37  Probe x2  
  37  3:45  Probe  
  37  3:47  Probe  
  39  3:48  Void Ray  
  45  3:59  Void Ray  
  49  4:03  Probe  
  49  4:04  Probe  
  49  4:08  Pylon  
  51  4:30  Void Ray  
  55  4:31  Void Ray  
  55  4:33  Pylon  
  55  4:36  Pylon  
  59  4:45  Probe  
  60  4:46  Probe  
  61  4:55  Void Ray  
  61  4:57  Probe  
  66  5:04  Probe  
  67  5:08  Probe  
  67  5:12  Probe  
  67  5:13  Void Ray  
  72  5:14  Void Ray  
  72  5:16  Probe  
  78  5:39  Nexus  
  78  5:46  Assimilator  
  78  5:49  Assimilator  
  78  5:50  Pylon  
  78  5:57  Pylon  
  78  6:00  Pylon  
  78  6:08  Probe x2, Void Ray, Twilight Council  
  78  6:10  Pylon  
  84  6:15  Void Ray x2  
  92  6:20  Probe  
  93  6:25  Pylon  
  93  6:30  Forge  
  93  6:33  Probe  
  94  6:45  Probe  
  95  6:51  Void Ray  
  95  6:53  Probe  
  99  7:01  Probe  
  100  7:02  Probe  
  100  7:03  Probe  
  103  7:11  Probe  
  103  7:14  Probe  
  103  7:15  Probe  
  106  7:19  Pylon  
  106  7:23  Probe  
  106  7:25  Void Ray x2  
  106  7:27  Probe  
  106  7:28  Templar Archives  
  116  7:32  Photon Cannon  
  116  7:33  Pylon  
  116  7:39  Probe  
  116  7:43  Photon Cannon  
  117  7:49  Photon Cannon  
  117  7:50  Probe  
  117  7:51  Probe  
  117  7:53  Photon Cannon  
  119  7:58  Probe  
  119  8:00  Void Ray  
  124  8:08  Void Ray x2  
  124  8:10  High Templar  
  134  8:13  Warp Gate  
  134  8:17  Pylon  
  134  8:18  Gateway  
  134  8:21  Gateway x2  
  134  8:24  Gateway  
  134  8:32  Photon Cannon  
  134  8:33  Pylon  
  134  8:37  Photon Cannon  
  134  8:41  Photon Cannon  
  134  8:46  Photon Cannon  
  134  8:47  Photon Cannon  
  134  8:54  Photon Cannon  
  134  8:55  Photon Cannon  
  134  9:12  Void Ray  
  134  9:13  Void Ray x2  
  142  9:25  Pylon  
  142  9:29  Pylon  
  138  9:31  Pylon  
  138  9:35  Pylon  
  134  9:44  High Templar  
  136  9:46  High Templar x2  
  136  9:47  High Templar x2  
  144  9:55  Void Ray x2  
  148  10:24  High Templar  
  142  10:28  Void Ray  
  146  10:38  Void Ray x2  
  146  10:41  Pylon  
  154  10:45  Fleet Beacon  
  154  10:46  Stargate  
  154  10:52  Probe  
  155  10:57  Nexus  
  155  11:04  Probe, Nexus  
  156  11:11  Void Ray  
  156  11:12  Assimilator  
  156  11:16  Probe, Assimilator  
  156  11:18  High Templar  
  163  11:19  High Templar  
  163  11:21  Void Ray  
  163  11:23  Psionic Storm  
  163  11:24  Assimilator  
  169  11:26  Assimilator  
  169  11:29  Probe  
  169  11:30  Pylon, Photon Cannon  
  169  11:31  Photon Cannon  
  170  11:34  Photon Cannon  
  170  11:35  Pylon  
  170  11:38  Photon Cannon  
  170  11:39  Pylon  
  170  11:44  Pylon  
  170  11:45  Void Ray x2  
  178  12:10  Probe  
  179  12:18  Probe  
  179  12:19  Photon Cannon  
  180  12:26  Probe  
  180  12:27  Probe  
  181  12:30  Void Ray x3  
  181  12:34  High Templar  
  196  12:39  Probe  
  197  12:51  Probe  
  198  12:59  Photon Cannon  
  194  13:13  Void Ray  
  158  13:32  Void Ray  
  158  13:33  Void Ray  
  142  13:36  High Templar x2  
  142  13:39  Stalker  
  142  13:40  Stalker  
  150  13:46  Probe  
  151  13:55  Photon Cannon  
  151  13:56  Void Ray  
  151  13:58  Probe, Pylon  
  151  14:02  Pylon  
  156  14:03  Pylon, Photon Cannon  
  156  14:04  Photon Cannon  
  156  14:06  Photon Cannon  
  156  14:10  Probe  
  156  14:15  Void Ray  
  156  14:16  Photon Cannon x2  
  161  14:17  Photon Cannon  
  161  14:19  Photon Cannon x2  
  161  14:21  Photon Cannon  
  161  14:22  Probe  
  162  14:25  Pylon  
  162  14:33  Void Ray  
  166  14:38  Void Ray  
  174  15:06  Photon Cannon  
Show
View Real Time Build Order
Export as new Build Order

Maverick Protoss 

Build Orders: Colossus Rush 

Get SALT Encoding   

  12  0:00  Probe  
  13  0:09  Probe  
  14  0:23  Pylon  
  14  0:24  Probe  
  15  0:41  Probe  
  16  0:49  Gateway  
  16  0:51  Assimilator  
  16  0:53  Probe  
  17  1:01  Pylon  
  17  1:05  Probe  
  18  1:17  Probe  
  19  1:28  Zealot  
  21  1:54  Zealot  
  21  1:57  Cybernetics Core  
  23  2:13  Nexus  
  23  2:37  Assimilator  
  23  2:50  Pylon  
  23  2:52  Forge  
  23  2:58  Pylon  
  23  3:08  Probe  
  23  3:11  Robotics Facility  
  24  3:17  Probe  
  24  3:22  Gateway  
  24  3:25  Pylon, Probe  
  25  3:28  Photon Cannon  
  25  3:34  Probe  
  27  3:37  Probe  
  28  3:46  Probe  
  29  3:49  Probe  
  30  3:58  Probe  
  31  4:09  Probe  
  31  4:12  Robotics Bay  
  31  4:15  Sentry x2  
  36  4:18  Probe  
  37  4:25  Probe  
  37  4:26  Probe  
  39  4:33  Probe  
  39  4:36  Probe  
  41  4:42  Probe, Robotics Facility  
  41  4:45  Pylon  
  42  4:48  Probe  
  43  4:54  Probe  
  44  5:00  Stalker  
  44  5:06  Probe  
  47  5:13  Probe, Assimilator  
  47  5:17  Probe  
  47  5:19  Assimilator  
  49  5:21  Probe  
  49  5:25  Probe  
  50  5:29  Extended Thermal Lance  
  50  5:31  Probe  
  50  5:35  Probe  
  52  5:39  Colossus  
  53  5:43  Probe  
  53  5:47  Probe  
  61  5:52  Probe  
  62  5:59  Probe  
  62  6:00  Probe  
  63  6:09  Probe  
  59  6:21  Probe  
  60  6:30  Colossus  
  60  6:32  Colossus  
  60  6:33  Probe  
  67  6:45  Sentry x2  
  77  7:02  Twilight Council  
  77  7:30  Pylon  
  77  7:32  Pylon  
  77  7:36  Stargate  
  77  7:48  Stalker x2  
  81  7:52  Gateway  
  81  8:07  Photon Cannon  
  81  8:08  Photon Cannon  
  81  8:11  Photon Cannon  
  81  8:14  Photon Cannon  
  81  8:15  Colossus  
  81  8:17  Colossus  
  93  8:22  Photon Cannon  
  93  8:26  Photon Cannon  
  93  8:29  Photon Cannon  
  93  8:32  Pylon  
  93  8:37  Stargate x2  
  93  8:45  Pylon  
  93  8:50  Stalker x3  
  99  9:03  Charge  
  99  9:06  Stargate  
  99  9:18  Protoss Ground Armor Level 1  
  99  9:20  Stalker x2, Zealot  
  105  9:47  Zealot  
  105  9:50  Fleet Beacon, Zealot  
  109  9:55  Stargate  
  109  9:58  Pylon x2  
  109  10:02  Pylon  
  109  10:05  Pylon  
  109  10:07  Pylon  
  109  10:11  Pylon  
  109  10:14  Pylon  
  109  10:16  Zealot x2  
  109  10:17  Zealot  
  115  10:21  Stargate  
  81  10:43  Zealot x2  
  81  10:44  Zealot  
  81  11:01  Void Ray x4  
  97  11:10  Zealot x2  
  101  11:12  Zealot  
  103  11:19  Photon Cannon  
  103  11:20  Photon Cannon  
  103  11:23  Photon Cannon  
  103  11:27  Photon Cannon  
  103  11:29  Photon Cannon  
  103  11:36  Cybernetics Core  
  103  11:37  Forge, Zealot x2  
  103  11:39  Zealot  
  109  11:44  Colossus  
  115  11:49  Mothership  
  115  11:57  Forge  
  123  12:04  Zealot x2  
  123  12:06  Zealot  
  129  12:13  Graviton Catapult  
  129  12:16  Protoss Ground Weapons Level 1  
  127  12:31  Zealot x2  
  127  12:33  Zealot  
  127  13:00  Void Ray x3  
  139  13:10  Nexus  
  139  13:14  Assimilator  
  139  13:20  Assimilator  
  139  13:34  Protoss Air Weapons Level 1  
  139  13:36  Protoss Shields Level 1  
  139  14:11  Probe  
  140  14:19  Probe  
  141  14:28  Probe  
  141  14:30  Nexus  
  142  14:40  Probe  
  142  14:41  Colossus  
  149  14:52  Probe  
  150  14:57  Probe  
  150  15:05  Probe  
  152  15:14  Probe  
Show
View Real Time Build Order
Export as new Build Order

XxHaDeSxX Protoss 

Build Orders:  

Get SALT Encoding   

  12  0:12  Pylon  
  12  0:17  Probe  
  13  0:25  Probe  
  14  0:39  Gateway  
  14  0:52  Pylon  
  14  1:00  Probe  
  14  1:08  Probe  
  16  1:32  Forge  
  16  1:51  Assimilator  
  16  1:56  Assimilator  
  16  2:07  Photon Cannon  
  16  2:17  Photon Cannon  
  16  2:41  Pylon, Probe  
  17  2:49  Probe  
  18  3:05  Cybernetics Core  
  18  3:13  Nexus  
  18  3:34  Pylon  
  18  3:54  Stargate  
  18  3:58  Stargate  
  18  4:10  Assimilator  
  18  4:17  Assimilator  
  18  4:23  Probe, Pylon  
  18  4:31  Probe  
  19  4:34  Void Ray  
  19  4:38  Pylon  
  20  4:40  Probe  
  20  4:42  Void Ray  
  29  5:02  Photon Cannon  
  29  5:22  Void Ray  
  29  5:33  Probe  
  33  5:42  Probe  
  34  5:43  Probe  
  36  5:51  Probe  
  36  5:55  Probe  
  38  6:03  Probe  
  39  6:15  Probe  
  36  6:53  Void Ray  
  36  6:54  Pylon  
  36  6:57  Void Ray  
  36  7:11  Photon Cannon  
  36  7:19  Photon Cannon  
  36  7:31  Photon Cannon  
  36  7:36  Probe  
  36  7:38  Void Ray  
  37  7:44  Probe  
  37  7:48  Void Ray  
  46  7:54  Probe  
  47  8:12  Photon Cannon  
  47  8:20  Photon Cannon  
  47  8:26  Photon Cannon  
  47  8:34  Void Ray x2  
  47  8:38  Photon Cannon  
  47  8:44  Photon Cannon  
  55  9:15  Void Ray  
  55  9:21  Pylon  
  55  9:25  Void Ray  
  63  9:39  Pylon  
  63  9:44  Pylon  
  63  9:51  Void Ray  
  63  9:53  Stargate  
  63  9:58  Stargate  
  67  10:16  Photon Cannon  
  67  10:26  Nexus  
  67  10:31  Assimilator  
  67  10:33  Assimilator  
  67  11:16  Void Ray x2  
  75  11:34  Void Ray  
  75  11:36  Void Ray  
  75  11:43  Photon Cannon  
  83  11:54  Probe  
  84  12:02  Probe  
  85  12:12  Probe  
  86  12:24  Probe  
  67  12:47  Void Ray  
  67  12:56  Void Ray x2  
  67  12:57  Void Ray  
  83  13:04  Probe  
  83  13:12  Probe  
  85  13:22  Probe  
  85  13:26  Robotics Facility  
  86  13:31  Pylon  
  86  13:32  Void Ray x2  
  91  13:34  Probe  
  91  13:44  Void Ray  
  91  13:46  Void Ray  
  103  13:54  Photon Cannon  
  103  13:57  Probe  
  104  14:05  Probe  
  105  14:15  Probe  
  105  14:17  Fleet Beacon  
  105  14:23  Stargate  
  106  14:27  Probe  
  107  14:36  Void Ray x2  
  107  14:46  Void Ray  
  119  14:56  Warp Prism  
  121  15:02  Probe  
  122  15:14  Probe  
Show
View Real Time Build Order
Export as new Build Order

JoJoDaMonsta Protoss 

Build Orders: Cannon Rush 

Get SALT Encoding   

  12  0:01  Probe  
  13  0:16  Pylon  
  13  0:25  Probe  
  14  0:48  Probe, Forge  
  15  0:56  Pylon  
  15  1:00  Probe  
  15  1:04  Pylon  
  16  1:09  Probe  
  16  1:17  Probe  
  18  1:27  Probe  
  18  1:29  Photon Cannon  
  19  1:34  Photon Cannon  
  19  1:44  Photon Cannon  
  19  2:01  Photon Cannon  
  19  2:04  Photon Cannon  
  19  2:11  Probe  
  19  2:13  Photon Cannon  
  20  2:20  Probe  
  20  2:29  Gateway  
  21  2:42  Pylon  
  21  2:51  Probe, Assimilator  
  22  2:59  Assimilator  
  22  3:03  Probe  
  23  3:15  Probe  
  24  3:32  Gateway  
  24  3:41  Nexus  
  24  3:50  Probe  
  24  3:52  Nexus  
  25  3:58  Probe  
  25  4:02  Pylon  
  26  4:07  Probe  
  26  4:10  Pylon  
  27  4:27  Pylon  
  27  4:34  Photon Cannon  
  27  4:43  Photon Cannon  
  27  4:48  Photon Cannon  
  27  5:02  Photon Cannon  
  27  5:08  Probe  
  28  5:20  Probe, Cybernetics Core  
  29  5:24  Pylon  
  29  5:27  Assimilator  
  29  5:29  Probe  
  29  5:32  Probe, Assimilator  
  31  5:37  Probe  
  32  5:43  Protoss Shields Level 1  
  32  5:44  Probe, Pylon  
  32  5:47  Probe  
  34  5:56  Probe  
  35  5:59  Probe  
  35  6:00  Stargate  
  35  6:02  Stargate  
  36  6:04  Probe  
  36  6:11  Probe  
  38  6:12  Probe  
  38  6:17  Stargate  
  39  6:20  Assimilator  
  39  6:22  Probe  
  40  6:27  Assimilator  
  40  6:33  Probe  
  40  6:34  Probe  
  42  6:41  Probe  
  42  6:42  Probe  
  44  6:47  Void Ray  
  44  6:50  Probe  
  44  6:51  Probe  
  44  6:52  Void Ray  
  53  7:00  Probe  
  54  7:03  Probe  
  54  7:08  Probe  
  56  7:15  Probe  
  58  7:16  Probe  
  58  7:17  Protoss Air Armor Level 1  
  58  7:18  Cybernetics Core  
  59  7:24  Fleet Beacon  
  59  7:27  Probe  
  60  7:30  Twilight Council  
  60  7:39  Probe, Void Ray  
  65  7:44  Void Ray  
  69  8:02  Shield Battery  
  69  8:16  Stargate  
  69  8:20  Tempest  
  69  8:22  Tempest  
  81  8:30  Dark Shrine, Protoss Air Weapons Level 1  
  81  8:36  Protoss Shields Level 2  
  81  8:53  Tempest  
  71  9:58  Tempest x3  
  71  9:59  Tempest  
  95  10:02  Photon Cannon  
  95  10:26  Protoss Air Weapons Level 2  
  95  10:28  Protoss Air Armor Level 2  
  77  10:41  Tempest  
  83  10:45  Tempest x2  
  95  10:52  Tempest  
  101  10:59  Nexus  
  101  11:04  Assimilator  
  101  11:09  Assimilator  
  101  11:20  Nexus  
  101  11:25  Assimilator  
  101  11:30  Assimilator  
  95  11:33  Pylon  
  95  11:38  Tempest  
  59  11:49  Tempest  
  65  12:00  Pylon  
  65  12:10  Pylon  
  65  12:14  Probe  
  66  12:20  Carrier  
  66  12:22  Carrier  
  72  12:26  Probe  
  79  12:36  Carrier  
  85  12:44  Probe  
  85  12:49  Probe  
  86  12:57  Probe  
  87  13:02  Probe  
  89  13:06  Probe  
  90  13:14  Probe  
  91  13:24  Tempest  
  91  13:26  Probe  
  98  13:30  Dark Templar  
  100  13:36  Probe  
  100  13:38  Probe  
  100  13:41  Probe  
  102  13:45  Tempest  
  109  13:48  Probe  
  109  13:49  Probe  
  109  13:50  Probe  
  112  13:58  Probe  
  112  14:00  Probe  
  114  14:10  Probe  
  115  14:30  Stargate  
  115  14:33  Tempest x2  
Show
View Real Time Build Order
Export as new Build Order

MichaelnTina Zerg 

Build Orders: Pool First 

Get SALT Encoding   

  12  0:04  Drone  
  13  0:10  Drone  
  14  0:19  Overlord  
  14  0:34  Extractor  
  14  0:35  Drone  
  14  0:45  Spawning Pool  
  14  0:48  Drone x2  
  15  1:01  Drone, Evolution Chamber  
  15  1:20  Overlord  
  15  1:28  Drone  
  15  1:30  Overlord  
  15  1:32  Queen  
  18  2:35  Hatchery  
  17  2:40  Extractor  
  16  2:55  Roach Warren  
  16  2:56  Drone x4  
  16  2:57  Drone x2  
  16  2:58  Baneling Nest  
  20  3:00  Queen  
  22  3:15  Drone  
  23  3:36  Pneumatized Carapace, Extractor  
  22  3:43  Extractor  
  21  3:56  Drone x5  
  21  3:59  Drone x2  
  28  4:23  Drone x2  
  30  4:33  Drone x2  
  32  4:42  Spine Crawler  
  31  4:47  Drone, Spine Crawler  
  31  4:48  Drone x2  
  33  4:56  Spine Crawler  
  32  5:01  Spine Crawler  
  32  5:05  Drone  
  32  5:11  Lair  
  32  5:29  Drone x2  
  32  5:30  Drone x2  
  36  5:46  Spine Crawler  
  36  5:48  Drone x2  
  37  6:08  Overlord x8  
  37  6:54  Hydralisk Den  
  37  6:59  Infestation Pit  
  35  7:02  Spire  
  35  7:06  Nydus Network  
  33  7:18  Drone x3  
  36  7:28  Drone x4  
  40  7:50  Hive  
  40  8:28  Corruptor x3  
  40  8:29  Corruptor x7  
  40  8:30  Corruptor x3  
  66  9:00  Zerg Flyer Weapons Level 1  
  66  9:04  Corruptor x5  
  62  9:42  Corruptor x3  
  66  9:51  Corruptor x5  
  67  10:22  Corruptor x3  
  63  10:54  Zerg Flyer Armor Level 1  
  63  10:58  Hatchery  
  63  10:59  Corruptor x5  
  72  11:05  Extractor  
  71  11:18  Spore Crawler  
  68  12:03  Corruptor x3  
  68  12:08  Hatchery  
  61  13:03  Corruptor x4  
  61  13:04  Corruptor x2  
  36  14:23  Hatchery  
  35  14:28  Hatchery  
Show
View Real Time Build Order
Export as new Build Order

Infamous Protoss 

Build Orders:  

Get SALT Encoding   

  12  0:13  Probe  
  12  0:18  Pylon  
  12  0:21  Probe  
  14  0:37  Gateway  
  14  0:49  Probe  
  15  0:58  Probe  
  16  1:06  Probe  
  16  1:07  Assimilator  
  17  1:12  Gateway  
  17  1:24  Cybernetics Core  
  17  1:40  Probe  
  17  1:41  Zealot  
  20  1:52  Probe  
  21  1:59  Warp Gate  
  21  2:04  Probe  
  22  2:12  Nexus  
  22  2:19  Assimilator  
  22  2:24  Pylon  
  22  2:44  Stalker x2  
  24  2:47  Probe  
  27  2:59  Probe  
  27  3:01  Pylon  
  28  3:09  Stalker  
  28  3:14  Probe  
  28  3:15  Stalker  
  33  3:24  Probe  
  35  3:27  Probe  
  35  3:40  Twilight Council  
  35  3:42  Probe  
  35  3:46  Probe  
  37  3:51  Probe  
  38  3:58  Probe  
  38  3:59  Pylon  
  38  4:01  Blink  
  39  4:03  Probe  
  40  4:16  Gateway  
  40  4:18  Gateway  
  40  4:28  Probe x2  
  42  4:33  Stalker  
  44  4:40  Probe x2  
  46  4:51  Stalker  
  48  5:02  Probe  
  48  5:05  Assimilator  
  49  5:09  Assimilator  
  49  5:10  Stalker  
  51  5:19  Probe x2  
  53  5:29  Stalker  
  53  5:32  Gateway  
  55  5:36  Probe x2  
  57  5:44  Stalker  
  57  5:45  Stalker  
  57  5:46  Pylon  
  61  5:51  Pylon  
  61  5:58  Pylon  
  61  5:59  Forge  
  61  6:01  Forge  
  53  6:32  Protoss Ground Weapons Level 1, Protoss Ground Armor Level 1  
  45  6:48  Stalker x3  
  45  6:49  Stalker  
  47  7:01  Robotics Facility  
  47  7:02  Robotics Facility  
  47  7:08  Shield Battery  
  47  7:10  Shield Battery  
  47  7:12  Photon Cannon  
  47  7:14  Photon Cannon  
  47  7:15  Shield Battery  
  47  7:17  Shield Battery  
  47  7:20  Photon Cannon  
  47  7:22  Stalker  
  47  7:23  Stalker x3  
  47  7:24  Stalker, Photon Cannon  
  57  7:42  Charge  
  57  7:48  Stalker x2  
  57  7:49  Stalker x2  
  65  7:52  Stalker  
  65  7:53  Nexus  
  65  7:55  Pylon  
  67  7:58  Pylon  
  67  8:07  Immortal x2  
  75  8:17  Protoss Ground Armor Level 2  
  75  8:26  Protoss Ground Weapons Level 2  
  75  8:30  Probe x2  
  77  8:42  Immortal, Robotics Bay  
  77  8:43  Probe  
  77  8:46  Zealot x4  
  77  8:47  Zealot  
  88  8:52  Immortal  
  96  8:57  Probe x2  
  98  9:03  Photon Cannon  
  98  9:05  Probe, Shield Battery  
  98  9:09  Probe x2  
  85  9:45  Immortal x2  
  85  9:46  Stalker x2  
  85  9:47  Stalker x2  
  85  9:48  Stalker  
  103  10:11  Colossus  
  103  10:16  Stalker x4  
  103  10:17  Stalker  
  103  10:19  Extended Thermal Lance  
  109  10:22  Colossus  
  113  10:31  Probe  
  113  10:32  Probe x2  
  84  10:50  Stalker x3  
  84  10:51  Stalker x2  
  94  11:15  Stalker x4  
  102  11:33  Protoss Shields Level 1  
  102  11:34  Gateway  
  102  11:35  Gateway  
  102  11:41  Stalker  
  102  11:42  Stalker x2  
  108  11:54  Assimilator  
  108  12:05  Nexus  
  108  12:07  Pylon  
  108  12:08  Pylon  
  108  12:11  Pylon  
  108  12:16  Colossus  
  108  12:17  Colossus, Pylon  
  108  12:18  Pylon  
  108  12:21  Pylon  
  84  12:48  Stalker x4  
  79  12:58  Probe x2  
  80  13:20  Twilight Council  
  80  13:24  Colossus  
  80  13:28  Colossus  
  80  13:29  Stalker  
  80  13:30  Stalker x3  
  80  13:31  Stalker x2  
  104  14:09  Probe x2  
  106  14:13  Probe  
  107  14:17  Probe  
  107  14:21  Probe x2  
  107  14:22  Assimilator  
  110  14:25  Probe  
  110  14:28  Colossus  
  117  14:41  Stalker x3  
  117  14:42  Stalker x3  
  129  15:00  Probe x4  
  133  15:08  Probe  
  133  15:12  Probe  
  135  15:16  Probe  
Show
View Real Time Build Order
Export as new Build Order

FuriuzSCII Protoss 

Build Orders: Nexus First 

Get SALT Encoding   

  1  0:00  Probe  
  12  0:06  Probe  
  14  0:17  Probe  
  15  0:32  Pylon  
  15  0:57  Nexus  
  15  1:08  Forge  
  15  1:09  Probe  
  15  1:17  Probe  
  16  1:22  Assimilator  
  17  1:30  Assimilator  
  17  1:33  Probe  
  18  1:48  Photon Cannon  
  18  1:57  Gateway  
  18  2:03  Pylon  
  18  2:16  Probe x2  
  20  2:28  Probe x2  
  22  2:32  Photon Cannon  
  22  2:52  Photon Cannon  
  22  2:57  Probe x2  
  24  3:09  Probe  
  25  3:21  Probe  
  25  3:25  Cybernetics Core  
  26  3:36  Probe  
  26  3:40  Probe  
  27  3:44  Probe  
  29  3:49  Probe  
  29  3:52  Assimilator x2  
  29  3:53  Probe  
  31  4:05  Probe  
  31  4:09  Stargate  
  32  4:12  Stargate  
  32  4:17  Probe  
  32  4:21  Probe  
  34  4:25  Probe  
  34  4:29  Probe  
  35  4:33  Probe  
  35  4:37  Probe  
  37  4:42  Pylon  
  37  4:43  Pylon  
  37  4:44  Probe, Pylon  
  38  4:48  Stargate  
  38  4:51  Stargate  
  39  4:52  Stargate  
  39  4:56  Probe  
  40  5:01  Stargate  
  40  5:08  Probe x2  
  42  5:15  Void Ray  
  42  5:16  Probe x2  
  42  5:19  Void Ray  
  44  5:25  Probe  
  53  5:41  Void Ray  
  57  5:46  Void Ray  
  61  6:03  Pylon  
  61  6:07  Pylon  
  61  6:15  Pylon x2  
  61  6:17  Pylon, Void Ray  
  65  6:22  Void Ray  
  69  10:56  Void Ray  
  73  13:44  Void Ray  
  73  13:45  Void Ray x5  
  97  14:27  Void Ray  
  101  14:54  Void Ray x2  
Show
View Real Time Build Order
Export as new Build Order

UnabatedWolf Terran 

Build Orders: Mech 

Get SALT Encoding   

  12  0:20  SCV  
  13  0:23  Supply Depot  
  13  0:32  SCV  
  14  0:45  SCV  
  14  0:46  Barracks  
  16  0:57  Supply Depot, SCV  
  16  1:09  SCV  
  17  1:43  Supply Depot  
  17  1:50  Marine, Bunker  
  18  2:00  SCV  
  19  2:08  Marine  
  20  2:25  Refinery  
  20  2:28  SCV  
  21  2:40  SCV  
  22  2:50  Refinery  
  22  2:52  SCV  
  23  3:04  SCV  
  24  3:09  Command Center  
  24  3:16  SCV  
  25  3:24  Factory  
  25  3:28  SCV  
  26  3:37  Barracks Reactor  
  26  3:42  Orbital Command  
  26  4:10  SCV  
  27  4:22  SCV  
  29  4:26  Orbital Command  
  29  4:30  Refinery  
  28  4:34  SCV  
  28  4:35  Marine x2  
  28  4:36  Factory Tech Lab  
  31  4:41  Factory  
  31  4:46  SCV  
  32  4:52  Marine  
  32  4:56  Refinery  
  32  4:58  SCV  
  34  5:00  Starport  
  34  5:02  Starport  
  34  5:03  Starport  
  34  5:05  SCV  
  35  5:10  SCV  
  36  5:17  SCV  
  36  5:18  Command Center  
  37  5:22  SCV  
  38  5:30  SCV  
  38  5:32  Factory Tech Lab  
  38  5:34  SCV  
  40  5:40  Factory  
  40  5:42  SCV  
  41  5:44  Starport Reactor  
  41  5:47  SCV  
  42  5:53  Starport Tech Lab  
  42  5:54  SCV, Starport Reactor  
  43  5:58  Starport  
  43  5:59  SCV  
  44  6:05  Siege Tank  
  44  6:06  SCV  
  48  6:15  Siege Tank  
  48  6:18  SCV  
  52  6:28  SCV  
  52  6:30  SCV  
  54  6:35  Starport  
  54  6:40  SCV, Orbital Command  
  54  6:42  SCV  
  56  6:51  Starport Reactor  
  56  6:52  SCV  
  57  6:54  Fusion Core, SCV  
  57  6:56  Viking x2  
  57  6:57  Viking x3  
  68  7:04  SCV  
  69  7:09  Refinery  
  69  7:14  Engineering Bay  
  69  7:16  Starport Reactor  
  69  7:28  Armory  
  69  7:31  Armory  
  69  7:35  Refinery  
  69  7:37  Supply Depot  
  69  7:39  Supply Depot  
  69  7:41  Supply Depot  
  69  7:43  Supply Depot  
  69  7:45  Supply Depot  
  69  7:58  Viking  
  69  7:59  SCV  
  69  8:02  SCV  
  69  8:03  Supply Depot x2  
  73  8:05  Supply Depot  
  73  8:07  Supply Depot  
  73  8:09  Supply Depot  
  73  8:11  SCV  
  74  8:14  SCV  
  74  8:17  Armory  
  74  8:19  Command Center  
  75  8:23  SCV  
  75  8:26  SCV  
  77  8:33  Missile Turret  
  77  8:35  SCV  
  77  8:36  Missile Turret  
  77  8:37  Missile Turret  
  77  8:38  Missile Turret, SCV  
  79  8:42  Terran Vehicle And Ship Armor Level 1  
  79  8:43  Terran Ship Weapons Level 1  
  79  8:45  Viking x3  
  79  8:46  Viking  
  87  8:50  SCV  
  87  8:55  Missile Turret  
  88  8:58  Missile Turret  
  88  9:01  Missile Turret  
  88  9:02  Missile Turret  
  88  9:05  Viking x4  
  88  9:06  Viking  
  95  9:15  Viking  
  94  9:17  Missile Turret  
  94  9:23  Missile Turret  
  89  9:26  Missile Turret  
  89  9:27  Missile Turret  
  89  9:43  Viking x4  
  89  9:44  Missile Turret x2, Viking x4  
  89  9:45  Viking  
  103  9:52  Orbital Command  
  103  9:59  Refinery  
  103  10:13  Viking x4  
  109  10:22  Refinery  
  109  10:29  Liberator x4  
  109  10:47  Viking x4  
  109  10:48  Viking  
  131  11:05  SCV  
  132  11:17  SCV, Viking x2  
  137  11:30  SCV  
  132  11:42  SCV  
  133  11:52  Viking x6  
  133  11:53  Viking  
  133  11:54  Terran Vehicle And Ship Armor Level 2, SCV  
  148  11:55  Terran Ship Weapons Level 2  
  148  11:56  Terran Vehicle Weapons Level 1  
  148  12:15  Siege Tank x2  
  154  12:17  Factory Tech Lab  
  154  12:23  SCV  
  155  12:35  Battlecruiser, SCV  
  162  12:47  SCV  
  163  12:59  SCV  
  164  13:23  SCV, Viking  
  164  13:24  Siege Tank  
  164  13:25  Siege Tank, Viking  
  163  13:39  Advanced Ballistics  
  163  13:50  Starport  
  163  13:51  Starport  
  163  13:54  Starport  
  163  13:55  Starport  
  163  13:56  Missile Turret  
  163  13:57  Missile Turret x3  
  163  13:58  Missile Turret  
  163  14:09  Supply Depot  
  163  14:10  Supply Depot x2  
  163  14:11  Supply Depot  
  163  14:16  Missile Turret x2  
  163  14:17  Missile Turret  
  163  14:21  SCV  
  164  14:25  Liberator x2  
  164  14:28  Liberator x2  
  164  14:30  Viking x2  
  164  14:31  Siege Tank x2, Battlecruiser  
  171  14:32  Supply Depot, Viking  
  182  14:44  Command Center  
  182  14:45  Starport Reactor  
  191  14:46  Starport Reactor  
  191  14:47  Starport Reactor  
  194  15:03  Siege Tank  
Tags
 
Add a new tag
Caveats
  • Supply blocks, unpowered buildings, or Contaminate may cause inaccurate times.
  • Supply counts are checked every 10 seconds.